 Dungeon Crawl Stone Soup version 0.19.0-2-gae57169 (webtiles) character file.

5679 nikopol the Cleaver (level 10, -3/91 HPs)
             Began as a Hill Orc Berserker on Nov 5, 2016.
             Was a High Priest of Trog.
             Shot with an arrow by a centaur (6 damage)
             ... on level 8 of the Dungeon.
             The game lasted 00:21:11 (10611 turns).

nikopol the Cleaver (Hill Orc Berserker)           Turns: 10611, Time: 00:21:12

Health: -3/91      AC: 11    Str: 22    XL:     10   Next: 75%
Magic:  3/3        EV: 13    Int:  7    God:    Trog [*****.]
Gold:   599        SH:  0    Dex: 12    Spells: 0 memorised, 9 levels left

rFire  . . .     SeeInvis .     a - +2 war axe (antimagic)
rCold  + . .     Gourm    .     B - +2 ring mail {rC+}
rNeg   . . .     Faith    .     (no shield)
rPois  .         Spirit   .     (no helmet)
rElec  .         Reflect  .     (no cloak)
rCorr  .         Harm     .     F - +0 pair of gloves
MR     .....                    n - +0 pair of boots
Stlth  +.........               (no amulet)
                                (no ring)
                                (no ring)

@: exhausted, slowed, drained, very slow
A: no striking features
a: Berserk, Trog's Hand, Brothers in Arms, Burn Spellbooks, Renounce Religion


You were on level 8 of the Dungeon.
You worshipped Trog.
Trog was extremely pleased with you.
You were very hungry.

You visited 1 branch of the dungeon, and saw 8 of its levels.

You collected 599 gold pieces.

Inventory:

Hand Weapons
 a - a +2 antimagic war axe (weapon)
 y - a +0 hand axe
 z - a +0 shortbow
 H - a +0 war axe
Armour
 b - a +0 animal skin
 h - a +0 ring mail
 n - a +0 pair of boots (worn)
 v - a +0 scale mail
 B - a +2 ring mail of cold resistance (worn)
 F - a +0 pair of gloves (worn)
Jewellery
 N - a cursed ring of ice {unknown}
Wands
 G - a wand of iceblast (10/15)
Scrolls
 d - 4 scrolls of teleportation {unknown}
 g - 3 scrolls of enchant weapon {unknown}
 j - 2 scrolls of immolation {unknown}
 l - 11 scrolls of remove curse {unknown}
 p - 2 scrolls of enchant armour {unknown}
 q - 8 scrolls of identify {unknown}
 r - 2 scrolls of magic mapping {unknown}
 t - 3 scrolls of amnesia {unknown}
 x - 4 scrolls of blinking {unknown}
 C - a scroll of fog {unknown}
 J - a scroll of holy word {unknown}
 K - a scroll of fear {unknown}
Potions
 e - 6 potions of curing
 i - a potion of haste {unknown}
 m - 3 potions of flight {unknown}
 o - 5 potions of brilliance {unknown}
 s - a potion of cure mutation {unknown}
 u - a potion of invisibility {unknown}
 w - a potion of mutation {unknown}
 E - a potion of degeneration {unknown}
 I - a potion of might
 P - a potion of ambrosia {unknown}
Comestibles
 c - 9 bread rations
 f - 3 slices of pizza
 k - 4 meat rations
 A - a royal jelly
 D - 2 fruits
 L - 10 chunks of flesh
 M - 7 beef jerkies


   Skills:
 + Level 9.1(7.8) Fighting
 * Level 11.3(10.0) Axes
 * Level 5.8(4.6) Bows
 + Level 7.7(6.5) Armour
 + Level 5.7(4.6) Dodging


You had 9 spell levels left.
You didn't know any spells.

Dungeon Overview and Level Annotations

Branches:
Dungeon (8/15)             Temple (0/1) D:6
   Lair: D:8-11

Altars:
Dithmenos
Gozag
Trog
The Shining One

Shops:
D:7 }   D:8 *


Message History

You feel drained. The wight hits you but does no damage.
The centaur wields a glowing shortbow.
It bursts into flame!
The centaur shoots an arrow.
The arrow hits you but does no damage.
You see here an arrow.
The centaur shoots an arrow.
The arrow barely misses you.
The wight hits you from afar with a spear.
* * * LOW HITPOINT WARNING * * *
You feel drained.
The wight hits you with a long sword of freezing.
* * * LOW HITPOINT WARNING * * *
You feel drained.
* * * LOW HITPOINT WARNING * * *
The centaur shoots an arrow.
The arrow hits you!
* * * LOW HITPOINT WARNING * * *
The arrow burns you.
* * * LOW HITPOINT WARNING * * *
The wight hits you but does no damage.
You see here an arrow.
The centaur shoots an arrow.
The arrow hits you.
You die...

.#...)).......#..#..#.##.###.##..
...##..##........#..#'###.####...
#...#..##...<.#.....#..8##.####..
##..................##.####.##)..
#)............###...##.# ##.'...
.))..)........##<..)##.# ###...
....................##.# ##..
.......##...........##.# ##.
....>........c..@...##.# #.
.)......#(....zz(...############.
.........(.....z..)..........##..
..........(.).(.⌠.⌠......#......#
......((((())....∩(......########
........###.)...⌠.⌠....(.........
........# ##................##...
....>...# ###).######....######.
......).# #..# #...#(#..#.#


You could see a centaur and 3 wights.

Vanquished Creatures
  A hill giant (D:8)
  Pikel (D:7)
  A hippogriff (D:7)
  Sigmund (D:4)
  A water moccasin (D:8)
  Duvessa (D:6)
  4 orc warriors
  3 ice beasts
  A phantom (D:6)
  A slave (D:7)
  7 ogres
  4 sky beasts
  2 eyes of draining (D:7)
  A big kobold (D:8)
  6 bullfrogs
  Dowan (D:6)
  5 scorpions
  A killer bee (D:8)
  3 wights (D:6)
  2 bullfrog zombies (D:8)
  3 hounds
  A jelly (D:4)
  4 orc priests
  17 orc wizards
  2 centaur skeletons
  An iguana (D:8)
  Jessica (D:3)
  Terence (D:3)
  Natasha (twice) (D:3)
  7 worker ants
  The ghost of cedor the Skirmisher, a weakling DsMo (D:4)
  6 gnolls
  11 adders
  3 shadow imps
  An adder skeleton (D:6)
  3 worms
  4 leopard geckos
  38 orcs
  A ball python (D:6)
  5 bats (D:1)
  3 giant cockroaches
  7 goblins
  5 hobgoblins
  16 jackals
  4 quokkas
  6 frilled lizards
  A jackal skeleton (D:5)
  12 kobolds
  A leopard gecko skeleton (D:6)
  3 quokka skeletons
  6 rats
223 creatures vanquished.

Vanquished Creatures (others)
  A bullfrog skeleton (D:7)
  An adder (D:7)
2 creatures vanquished.

Grand Total: 225 creatures vanquished

Notes
Turn   | Place    | Note
-------+----------+-------------------------------------------
     0 | D:1      | nikopol the Hill Orc Berserker began the quest for the Orb.
     0 | D:1      | Reached XP level 1. HP: 19/19 MP: 1/1
   286 | D:1      | Reached XP level 2. HP: 27/27 MP: 2/2
   686 | D:1      | Reached XP level 3. HP: 18/33 MP: 3/3
  1488 | D:2      | Reached ** piety under Trog
  1528 | D:2      | Reached XP level 4. HP: 25/40 MP: 4/4
  1688 | D:2      | Found an opulent altar of Gozag.
  1825 | D:2      | Found a shadowy altar of Dithmenos.
  2503 | D:3      | Noticed Natasha
  2504 | D:3      | Reached skill level 5 in Axes
  2517 | D:3      | Killed Natasha
  2517 | D:3      | Reached XP level 5. HP: 19/47 MP: 5/5
  2940 | D:3      | Noticed Terence
  2949 | D:3      | Killed Terence
  3004 | D:3      | Reached skill level 5 in Fighting
  3012 | D:3      | Reached XP level 6. HP: 29/56 MP: 6/6
  3378 | D:3      | Noticed Jessica
  3392 | D:3      | Killed Jessica
  3678 | D:3      | Noticed Natasha
  3689 | D:3      | Killed Natasha
  3689 | D:3      | Reached *** piety under Trog
  3778 | D:4      | Reached skill level 6 in Axes
  3793 | D:4      | Noticed cedor's ghost (weakling DsMo)
  3806 | D:4      | Killed cedor's ghost
  3806 | D:4      | Reached XP level 7. HP: 61/61 MP: 7/7
  3842 | D:4      | Noticed Sigmund
  3864 | D:4      | Killed Sigmund
  3975 | D:4      | Reached skill level 5 in Armour
  4748 | D:4      | Reached XP level 8. HP: 68/71 MP: 8/8
  4781 | D:4      | Reached skill level 7 in Axes
  4850 | D:5      | Entered Level 5 of the Dungeon
  5616 | D:5      | Found a glowing golden altar of the Shining One.
  6099 | D:6      | Reached skill level 1 in Bows
  6415 | D:6      | Reached skill level 8 in Axes
  6815 | D:6      | Reached **** piety under Trog
  6848 | D:6      | Reached XP level 9. HP: 39/79 MP: 9/9
  6861 | D:6      | HP: 4/118 [wight/halberd (2)]
  7326 | D:6      | Noticed Dowan
  7328 | D:6      | Noticed Duvessa
  7342 | D:6      | Killed Dowan
  7344 | D:6      | Killed Duvessa
  7344 | D:6      | Reached skill level 9 in Axes
  7397 | D:6      | Found a staircase to the Ecumenical Temple.
  7739 | D:7      | Found Buovek's Gadget Emporium.
  7946 | D:7      | Reached skill level 5 in Dodging
  8124 | D:7      | Noticed Pikel
  8139 | D:7      | Killed Pikel
  8193 | D:7      | Found a shadowy altar of Dithmenos.
  8247 | D:7      | Found a bloodstained altar of Trog.
  8259 | D:7      | Reached skill level 10 in Axes
  8274 | D:7      | Reached XP level 10. HP: 89/89 MP: 1/10
  9486 | D:8      | Found Qiojun's Assorted Antiques.
  9496 | D:8      | Reached ***** piety under Trog
  9530 | D:8      | Reached skill level 5 in Bows
  9672 | D:8      | Noticed a hill giant
  9686 | D:8      | Killed a hill giant
  9686 | D:8      | Reached skill level 11 in Axes
 10610 | D:8      | HP: 3/91 [centaur/arrow (4)]
 10611 | D:8      | Shot with an arrow by a centaur

Skill      XL: |  1  2  3  4  5  6  7  8  9 10 |
---------------+-------------------------------+-----
Fighting       | 4 5 6 7 8 9 |  9.1
Armour         | 3 4 5 6 7 |  7.7
Dodging        | 2 3 4 5 |  5.7
Axes           | 5 6 8 10 11 | 11.3
Bows           | 2 4 5 |  5.8

Action                   |  1- 3 |  4- 6 |  7- 9 | 10-12 || total
-------------------------+-------+-------+-------+-------++-------
Melee: Hand axe          |   136 |   146 |    25 |       ||   307
       War axe           |       |       |   278 |   191 ||   469
 Fire: Shortbow          |       |       |    22 |    75 ||    97
Invok: Berserk           |       |     4 |     7 |     4 ||    15
       Trog's Hand       |       |     1 |       |       ||     1
       Burn Spellbooks   |       |       |     2 |       ||     2
  Eat: Chunk             |     2 |    10 |    21 |    11 ||    44
Armor: Animal skin       |     2 |       |       |       ||     2
       Ring mail         |    71 |    21 |    83 |    69 ||   244
       Scale mail        |       |    19 |    29 |       ||    48
Dodge: Dodged            |   104 |    75 |   137 |   104 ||   420
